 Dungeon Crawl Stone Soup version 0.25.0-10-g039870ee82 (webtiles) character file.

Game seed: 13538910168889972373

(classic levelgen) 119 EnegeticOcto the Shield-Bearer (level 4, -1/42 HPs)
             Began as a Deep Dwarf Fighter on June 23, 2020.
             Was an Initiate of Makhleb.
             Slain by an ogre
             ... wielding a +0 giant club
              (19 damage)
             ... on level 4 of the Dungeon.
             The game lasted 00:00:42 (927 turns).

EnegeticOcto the Shield-Bearer (Deep Dwarf Fighter)  Turns: 927, Time: 00:00:43

Health: -1/42      AC:  9    Str: 21    XL:     4   Next: 74%
Magic:  2/2        EV:  6    Int:  8    God:    Makhleb [......]
Gold:   71         SH:  9    Dex: 12    Spells: 3/3 levels left

rFire    . . .     SeeInvis .   a - +0 war axe
rCold    . . .     Gourm    .   c - +0 kite shield
rNeg     . . .     Faith    .   r - +0 chain mail
rPois    .         Spirit   .   (no helmet)
rElec    .         Reflect  .   (no cloak)
rCorr    .         Harm     .   (no gloves)
MR       .....                  (no boots)
Stlth    ..........             (no amulet)
HPRegen  0.00/turn              (no ring)
MPRegen  0.08/turn              (no ring)

@: non-regenerating
A: damage resistance, heal wounds, sense surroundings 1, no regeneration
a: Heal Wounds, Renounce Religion


You were on level 4 of the Dungeon.
You worshipped Makhleb.
Makhleb was noncommittal.
You were not hungry.

You visited 1 branch of the dungeon, and saw 4 of its levels.

You collected 71 gold pieces.

Inventory:

Hand Weapons
 a - a +0 war axe (weapon)
Armour
 c - a +0 kite shield (worn)
 r - a +0 chain mail (worn)
Scrolls
 d - a scroll of identify {unknown}
 f - 2 scrolls of enchant weapon {unknown}
 h - 4 scrolls of noise {unknown}
 m - a scroll of random uselessness {unknown}
 n - a scroll of remove curse {unknown}
 o - a scroll of amnesia {unknown}
 q - a scroll of blinking {unknown}
Potions
 b - a potion of magic {unknown}
 i - a potion of berserk rage {unknown}
 j - a potion of flight {unknown}
 k - a potion of might {@q3}
 l - a potion of mutation {unknown}
 p - a potion of lignification {unknown}
 s - a potion of invisibility {unknown}
Comestibles
 e - 6 rations
 g - 2 chunks of flesh


   Skills:
 * Level 3.4 Fighting
 * Level 3.4 Axes
 + Level 3.7 Armour
 + Level 1.3 Dodging
 + Level 3.9 Shields
 + Level 1.0 Invocations


You had 3 spell levels left.
You didn't know any spells.
Your spell library was empty.

Dungeon Overview and Level Annotations

Branches:
Dungeon (4/15)
 Temple: D:4-7

Altars:
Kikubaaqudgha
Makhleb
Okawaru
Trog
Xom


Innate Abilities, Weirdness & Mutations

You are resistant to damage.
You can heal yourself by infusing magical energy.
You passively map a small area around you.
You do not regenerate.


Message History

You are too injured to fight recklessly!
You are too injured to fight recklessly!
You are too injured to fight recklessly!
You are too injured to fight recklessly!
You feel much better.
The orc warrior hits you with a +0 long sword.
You block the orc wizard's attack.
You feel much better. The ogre barely misses you.
The orc wizard hits you but does no damage.
You block the orc warrior's attack.
You barely miss the orc warrior.
The orc warrior is heavily wounded.
You hit the ogre. You hit the orc wizard. You block the orc wizard's attack.
The ogre hits you with a +0 giant club!!
The orc warrior hits you with a +0 long sword!
You slash the orc warrior!
The orc warrior is severely wounded.
You closely miss the orc wizard. You hit the ogre.
The orc wizard hits you but does no damage.
You block the ogre's attack.
You hit the orc warrior.
The orc warrior is severely wounded.
You slash the ogre!
You hit the orc wizard but do no damage.
The ogre barely misses you. You block the orc wizard's attack.
The orc warrior hits you with a +0 long sword.
You are too injured to fight recklessly!
You are too injured to fight recklessly!
You are too injured to fight recklessly!
You are too injured to fight recklessly!
You are too injured to fight recklessly!
You are too injured to fight recklessly!
You are too injured to fight recklessly!
You are too injured to fight recklessly!
You are too injured to fight recklessly!
You are too injured to fight recklessly!
You are too injured to fight recklessly!
You are too injured to fight recklessly!
You feel much better.
The orc wizard hits you but does no damage.
The ogre hits you with a +0 giant club! You block the orc warrior's attack.
Your magical essence is drained by the effort!
You feel much better.
The orc wizard gestures at you while chanting.
The magic dart hits you! The ogre barely misses you.
You closely miss the orc warrior.
The orc warrior is severely wounded.
You hit the ogre. You slash the orc wizard!
The orc warrior hits you with a +0 long sword!
The orc wizard hits you but does no damage.
The ogre hits you with a +0 giant club. You block the orc wizard's attack.
The orc warrior hits you with a +0 long sword.
You hit the orc warrior but do no damage.
The orc warrior is severely wounded.
You miss the orc wizard. You slash the ogre!
The orc wizard hits you but does no damage.
You block the ogre's attack.
The orc warrior hits you with a +0 long sword!
You closely miss the ogre.
The ogre is severely wounded.
You barely miss the orc warrior. You hit the orc wizard.
The orc wizard mumbles some strange words.
The orc wizard seems to speed up.
You block the ogre's attack. You block the orc warrior's attack.
You completely miss the ogre.
The ogre is severely wounded.
Your shield and chain mail prevent you from hitting the orc warrior.
You completely miss the orc wizard.
The orc wizard hits you but does no damage. x2
The ogre barely misses you. You block the orc warrior's attack.
You hit the ogre but do no damage.
The ogre is severely wounded.
You closely miss the orc wizard. You hit the orc warrior.
The orc wizard barely misses you. You block the orc wizard's attack.
The orc warrior hits you with a +0 long sword!
* * * LOW HITPOINT WARNING * * *
The ogre hits you with a +0 giant club.
* * * LOW HITPOINT WARNING * * *
The orc wizard hits you but does no damage.
You are too injured to fight recklessly!
You are too injured to fight recklessly!
You are too injured to fight recklessly!
You are too injured to fight recklessly!
You are too injured to fight recklessly!
You are too injured to fight recklessly!
You are too injured to fight recklessly!
You are too injured to fight recklessly!
You are too injured to fight recklessly!
You are too injured to fight recklessly!
Your magical essence is drained by the effort!
You feel much better. The orc wizard casts a spell at you.
You resist with some effort. You block the orc warrior's attack.
The ogre barely misses you.
You fail to use your ability.
The orc wizard casts a spell.
The orc wizard blinks!
The orc warrior hits you with a +0 long sword!
The ogre hits you with a +0 giant club!!
You die...

, * , , ,,
. , , .. ,
* ... , ,,,
, .... , ,
, ..%.. *,,
,, *
..!...####
, ,
....[.O@<#
* * *
......oo.#
+#####...#*
* , ,,
*#...# , *
, , ,....#*
, ,......
,,, , *
+#..... ,
...###. , ,
, ,


You could see an orc warrior, an ogre and an orc.

Vanquished Creatures
  A jelly (D:2)
  A hound (D:4)
  An adder (D:3)
  2 oozes
  3 dart slugs (D:1)
  A leopard gecko (D:1)
  2 orcs
  2 ball pythons (D:3)
  4 bats
  A goblin (D:1)
  5 hobgoblins
  A quokka (D:3)
  2 frilled lizards (D:2)
  7 kobolds
  5 rats
38 creatures vanquished.

Notes
Turn   | Place    | Note
-------+----------+-------------------------------------------
     0 | D:1      | EnegeticOcto the Deep Dwarf Fighter began the quest for the
                  | Orb.
     0 | D:1      | Reached XP level 1. HP: 20/20 MP: 1/1
    34 | D:1      | Reached XP level 2. HP: 27/27 MP: 2/2
   302 | D:2      | Reached XP level 3. HP: 33/34 MP: 3/3
   334 | D:2      | Found an iron altar of Okawaru.
   348 | D:2      | Reached skill level 1 in Dodging
   472 | D:3      | Found a shimmering altar of Xom.
   473 | D:3      | Found a bloodstained altar of Trog.
   473 | D:3      | Found a burning altar of Makhleb.
   475 | D:3      | Found an ancient bone altar of Kikubaaqudgha.
   484 | D:3      | Became a worshipper of Makhleb the Destroyer
   536 | D:3      | Reached XP level 4. HP: 42/42 MP: 4/4
   905 | D:4      | Noticed an orc warrior
   906 | D:4      | Noticed an ogre
   909 | D:4      | Reached skill level 1 in Invocations
   927 | D:4      | Slain by an ogre

Illustrated notes

Levels and vault maps discovered:
D:1:      dpeg_arrival_tiny_i, layout_basic, interstate_on_off
D:2:      layout_basic, okawaru_trees_2
D:3:      layout_rooms, grunt_temple_overflow_open, first_ration
D:4:      layout_basic, minmay_bent, uniq_edmund

Skill      XL: |  1  2  3  4 |
---------------+-------------+-----
Fighting       | 3 |  3.4
Axes           | 3 |  3.4
Dodging        | 1 |  1.3
Invocations    | 1 |  1.0
Armour         | |  3.7
Shields        | |  3.9

Action                   |  1- 3 |  4- 6 || total
-------------------------+-------+-------++-------
Melee: War axe           |    65 |    39 ||   104
 Abil: Heal Wounds       |     2 |     5 ||     7
Armor: Scale mail        |    34 |       ||    34
       Chain mail        |       |    15 ||    15
Dodge: Dodged            |    25 |    23 ||    48
Block: Kite shield       |    53 |    30 ||    83
